 Dungeon Crawl Stone Soup version 0.14-a0-956-g2c70c21 (console) character file.

839 sanka the Grave Robber (level 7, -3/41 HPs)
             Began as an Octopode Necromancer on Nov 21, 2013.
             Slain by a sky beast (6 damage)
             ... on Level 5 of the Dungeon.
             The game lasted 00:21:37 (7707 turns).

sanka the Grave Robber (Octopode Necromancer)       Turns: 7707, Time: 00:21:37

HP  -3/41        AC  1     Str  8      XL: 7   Next: 71%
MP  10/14        EV 13     Int 20      God:
Gold 114         SH  7     Dex 14      Spells:  5 memorised,  2 levels left

Res.Fire  : . . .   See Invis. : .   a - +1,+0 long sword (drain)
Res.Cold  : . . .   Warding    : .   o - +0 buckler
Life Prot.: . . .   Conserve   : .   N - +0 wizard hat {Int+3}
Res.Poison: +       Res.Corr.  : .   F - amulet of stasis {unknown}
Res.Elec. : .       Clarity    : .   J - ring of poison resistance
Sust.Abil.: . .     Spirit.Shd : .   (no ring)
Res.Mut.  : .       Stasis     : +   (no ring)
Res.Rott. : .       Flight     : .   (no ring)
Saprovore : . . .                    (no ring)
                                     (no ring)
                                     (no ring)
                                     (no ring)

@: slightly resistant to hostile enchantments, quite stealthy
A: almost no armour, amphibious, 8 rings, constrict 8, camouflage 1, gelatinous
body 1
a: no special abilities


You were on level 5 of the Dungeon.
You were not hungry.

You visited 1 branch of the dungeon, and saw 5 of its levels.

You collected 211 gold pieces.
You spent 97 gold pieces at shops.


Innate Abilities, Weirdness & Mutations

You cannot wear most types of armour.
You are amphibious.
You can wear up to eight rings at the same time.
You can use your tentacles to constrict many enemies at once.
Your skin changes colour to match your surroundings (Stlth).
Your rubbery body absorbs attacks (AC +1).


   Skills:
 * Level 4.0 Dodging
 - Level 2.6 Stealth
 - Level 3.0 Spellcasting
 + Level 7.8 Necromancy


You had 2 spell levels left.
You knew the following spells:

 Your Spells              Type           Power        Failure   Level  Hunger
a - Pain                  Necr           ####         1%          1    None
b - Animate Skeleton      Necr           N/A          1%          1    None
c - Vampiric Draining     Necr           ####......   1%          3    ###....
d - Lethal Infusion       Chrm/Necr      ###.......   6%          2    ##.....
e - Regeneration          Chrm/Necr      ###.......   12%         3    ###....


Dungeon Overview and Level Annotations

Branches:
Dungeon (5/16)
 Temple: D:4-7

Altars:
Okawaru
Sif Muna
Trog

Shops:
D:4 *   D:5 [*

Annotations:
D:4 Sigmund

Inventory:

Hand weapons
 a - a +1,+0 long sword of draining (weapon)
 b - a +0,+0 sling
Missiles
 d - a throwing net [torn]
 j - 15 sling bullets
 t - 7 tomahawks (quivered)
 w - 32 stones
 G - 2 javelins
Armour
 o - a +0 buckler (worn)
 N - a +0 wizard hat of intelligence (worn)
Comestibles
 c - 5 bread rations
 m - a chunk of adder flesh {@*1}
 r - 2 meat rations
 x - a pear
 C - a chunk of orc flesh {@*1}
 I - an apple
Scrolls
 g - a scroll of fear
 k - 4 scrolls of remove curse {unknown}
 H - a scroll of teleportation
 K - a scroll of fog
 P - a scroll of identify {unknown}
 Q - 2 scrolls of enchant armour {unknown}
Jewellery
 e - an uncursed amulet of warding {unknown}
 F - an amulet of stasis (around mantle) {unknown}
 J - a ring of poison resistance (left tentacle)
Potions
 f - 5 potions of curing {unknown}
 h - 2 potions of degeneration {unknown}
 i - a potion of flight {unknown}
 l - 2 potions of might {unknown}
 n - a potion of magic {unknown}
 p - a potion of paralysis {unknown}
 s - a potion of speed {unknown}
 u - 5 potions of heal wounds
 v - a potion of poison {unknown}
 z - 2 potions of restore abilities {unknown}
 A - 2 potions of brilliance {unknown}
 M - a potion of slowing {unknown}
 O - a potion of agility {unknown}
Books
 y - a book of Necromancy

   Spells                             Type                      Level
   *Pain                              Necromancy                   1
   *Animate Skeleton                  Necromancy                   1
   *Lethal Infusion                   Charms/Necromancy            2
   *Vampiric Draining                 Necromancy                   3
   *Regeneration                      Charms/Necromancy            3
   Animate Dead                       Necromancy                   4
   Control Undead                     Necromancy                   4
 E - a book of Unlife

   Spells                             Type                      Level
   Recall                             Summoning/Translocation      3
   Animate Dead                       Necromancy                   4
   Control Undead                     Necromancy                   4
   Twisted Resurrection               Necromancy                   5
   Death Channel                      Necromancy                   6
   Simulacrum                         Ice/Necromancy               6

#..# #.# ####.###
######'### ## #......#
#....>¤¤¤# ####. #......#
#......¤.# ##..'.
#......###
#........###..##.
#........#
#.(......'...###.
#.....z#.###.......\#####
#. ########zzz#........#
## ###z@........# #
###........# ###
###'###### #.. #....#
##.# ####.### #...
#.....# #... #.....# #...
#.....#####...
#.............


You could see 2 friendly bat skeletons, a friendly adder skeleton and a friendly
orc skeleton.


Message History

Aim: a sky beast The sky beast is heavily wounded.
You feel life coursing into your body.
You are feeling hungry.
The sky beast hits you. The sky beast shocks you!
Here: a sky beast (heavily wounded)
The floor.
You hit the sky beast. You drain the sky beast!
The sky beast is almost dead.
The sky beast closely misses you.
You closely miss the sky beast.
The sky beast is almost dead.
The sky beast misses you.
The sky beast flickers out of sight!
Deactivating autopickup; reactivate with Ctrl-A.
It hits you. It shocks you!
* * * LOW HITPOINT WARNING * * *
Casting: Vampiric Draining You can't see any susceptible monsters within range! (Use Z to cast anyway.)
You start resting.
Eating a chunk of bat flesh {@*1}.
It hits you.
* * * LOW HITPOINT WARNING * * *
It shocks you.
* * * LOW HITPOINT WARNING * * *
It hits you.
* * * LOW HITPOINT WARNING * * *
It shocks you.
* * * LOW HITPOINT WARNING * * *
It hits you.
* * * LOW HITPOINT WARNING * * *
It shocks you!
You die...

Action                   |  1- 3 |  4- 6 |  7- 9 || total
-------------------------+-------+-------+-------++-------
Melee: Unarmed           |     5 |       |       ||     5
       Club              |    36 |     4 |       ||    40
       Long sword        |       |    10 |    17 ||    27
       Short sword       |       |    23 |    10 ||    33
Throw: Tomahawk          |       |     6 |       ||     6
 Cast: Pain              |    37 |   122 |    31 ||   190
       Animate Skeleton  |    13 |    35 |    10 ||    58
       Vampiric Draining |       |    13 |     3 ||    16
       Regeneration      |       |     1 |       ||     1
       Lethal Infusion   |       |       |     2 ||     2
  Use: Scroll            |       |     4 |     4 ||     8
 Stab: Sleeping          |       |     2 |     4 ||     6

Vault maps used:
D:1:      lemuel_entry_hallway, fountainhead,
          hangedman_abyss_or_decor_lesser_grid, lexackson_kobold_supper
D:2:      first_bread
D:3:      lemuel_doored_altar, nicolae_overflow_hidden_temple
D:4:      gammafunk_temple_overflow_wave, serial_shops, shop_statue,
          bh_walls_and_bars, uniq_duvessa, uniq_blork_the_orc, uniq_sigmund
D:5:      serial_shops, shop_fountains, shop

Notes
Turn   | Place    | Note
--------------------------------------------------------------
     0 | D:1      | sanka, the Octopode Necromancer, began the quest for the Orb.
     0 | D:1      | Reached XP level 1. HP: 11/11 MP: 3/3
   146 | D:1      | Learned a level 1 spell: Animate Skeleton
   760 | D:1      | Reached XP level 2. HP: 15/17 MP: 2/4
  1395 | D:1      | Reached XP level 3. HP: 19/21 MP: 3/6
  1519 | D:1      | Reached skill level 5 in Necromancy
  1525 | D:1      | Reached skill level 2 in Spellcasting
  1525 | D:1      | Reached XP level 4. HP: 12/27 MP: 1/8
  2350 | D:2      | Learned a level 3 spell: Vampiric Draining
  2385 | D:2      | Learned a level 2 spell: Lethal Infusion
  3297 | D:2      | Reached XP level 5. HP: 31/31 MP: 7/10
  4673 | D:3      | Reached skill level 6 in Necromancy
  4884 | D:3      | Found an iron altar of Okawaru.
  5110 | D:3      | Reached XP level 6. HP: 25/36 MP: 8/12
  5242 | D:3      | Reached skill level 3 in Spellcasting
  5247 | D:3      | Learned a level 3 spell: Regeneration
  5450 | D:4      | Noticed Sigmund
  5479 | D:4      | Noticed Blork the orc
  5516 | D:4      | Noticed Dowan
  6093 | D:4      | Reached skill level 7 in Necromancy
  6282 | D:4      | Found a deep blue altar of Sif Muna.
  6282 | D:4      | Found a bloodstained altar of Trog.
  6403 | D:4      | Reached XP level 7. HP: 27/41 MP: 8/14
  6584 | D:4      | Found Hyanikh's Assorted Antiques.
  7134 | D:4      | Noticed Duvessa
  7152 | D:4      | Killed Duvessa
  7152 | D:4      | Reached skill level 3 in Dodging
  7170 | D:4      | Killed Dowan
  7260 | D:4      | Killed Blork the orc
  7307 | D:5      | Entered Level 5 of the Dungeon
  7307 | D:5      | Found Kaof's Antique Armour Shop.
  7326 | D:5      | Bought an embroidered wizard hat for 55 gold pieces
  7470 | D:5      | Found Fezastroe's General Store.
  7481 | D:5      | Bought a potion of heal wounds for 42 gold pieces
  7644 | D:5      | Reached skill level 4 in Dodging
  7705 | D:5      | HP: 10/41 [something (5)]
  7706 | D:5      | HP: 4/41 [something (5)]
  7707 | D:5      | Slain by a sky beast

Vanquished Creatures
  Blork the orc (D:4)
  2 hounds (D:4)
  An orc priest (D:3)
  4 orc wizards
  A scorpion (D:5)
  2 halflings (D:1)
  4 worker ants (D:4)
  A hound zombie (D:5)
  7 adders
  An inept feature mimic (D:4)
  A worm (D:3)
  7 giant geckos
  2 oozes
  12 orcs
  A ball python (D:4)
  5 giant cockroaches
  11 goblins
  11 hobgoblins
  8 jackals
  10 bats
  5 giant newts
  12 kobolds
  A quokka (D:2)
  18 rats
  A plant (D:1)
129 creatures vanquished.

Vanquished Creatures (collateral kills)
  Duvessa (D:4)
  Dowan (D:4)
  A giant gecko (D:4)
  An ooze (D:1)
  An orc (D:3)
  A ball python (D:2)
  A hobgoblin (D:2)
  2 jackals (D:1)
  A giant newt (D:4)
  A goblin (D:2)
  A hobgoblin zombie (D:5)
12 creatures vanquished.

Vanquished Creatures (others)
  A halfling (D:1)
  A hound skeleton (D:4)
  An adder skeleton (D:4)
  A halfling skeleton (D:1)
  3 bat skeletons
  2 giant gecko skeletons
  3 goblin skeletons
  2 hobgoblin skeletons
  2 jackal skeletons (D:1)
  4 kobold skeletons
  5 orc skeletons
  4 rat skeletons
29 creatures vanquished.

Grand Total: 170 creatures vanquished
